Map: Nightscape LE

Players

AaroN

  • Race: Protoss Protoss
  • Spawn Location: 7:00

bObmc

  • Race: Terran Terran
  • League: Diamond
  • Spawn Location: 7:00

Massa - Winner!

  • Race: Terran Terran
  • League: Platinum
  • Spawn Location: 1:00

qqq - Winner!

  • Race: Zerg Zerg
  • Spawn Location: 1:00

VOD

Have the link to the VOD?

Description

Time

  • Played on: Oct. 26, 2020, 4:40 p.m.
  • Length: 21:51
Show
View Real Time Build Order
Export as new Build Order

AaroN Protoss 

Build Orders:  

Get SALT Encoding   

  12  0:01  Probe  
  13  0:13  Probe  
  14  0:19  Pylon  
  14  0:25  Probe  
  15  0:37  Probe  
  15  0:40  Gateway  
  16  0:49  Probe  
  17  0:59  Assimilator  
  17  1:01  Probe  
  18  1:07  Assimilator  
  18  1:14  Probe  
  19  1:26  Probe  
  20  1:38  Probe  
  21  1:41  Cybernetics Core  
  21  1:50  Probe  
  22  2:02  Probe  
  23  2:09  Pylon  
  23  2:12  Warp Gate (Chrono Boost)  
  23  2:21  Gateway  
  23  2:24  Gateway  
  23  2:26  Stalker (Chrono Boost)  
  24  2:40  Probe  
  25  2:50  Twilight Council  
  25  2:53  Stalker  
  27  3:07  Probe  
  27  3:08  Stalker  
  30  3:21  Pylon  
  30  3:23  Pylon  
  30  3:36  Nexus  
  30  3:47  Probe  
  31  3:50  Stalker x2  
  35  4:06  Probe (Chrono Boost)  
  36  4:12  Charge (Chrono Boost)  
  36  4:14  Robotics Facility  
  36  4:16  Probe (Chrono Boost)  
  37  4:34  Probe  
  38  4:46  Probe  
  38  4:52  Probe (Chrono Boost)  
  41  5:03  Probe (Chrono Boost)  
  41  5:04  Probe (Chrono Boost)  
  42  5:12  Probe (Chrono Boost)  
  42  5:13  Probe (Chrono Boost)  
  42  5:20  Stalker x2  
  44  5:23  Probe, Adept  
  45  5:29  Probe  
  45  5:35  Probe  
  48  5:36  Observer (Chrono Boost)  
  48  5:44  Sentry x2  
  48  5:45  Sentry  
  48  5:47  Probe x2  
  56  5:55  Pylon  
  56  5:57  Assimilator  
  56  5:59  Probe x2  
  56  6:02  Assimilator  
  58  6:10  Gateway x2  
  59  6:11  Probe x2  
  59  6:12  Gateway  
  59  6:16  Gateway  
  60  6:23  Probe x2  
  62  6:27  Zealot x3  
  68  6:44  Pylon  
  68  7:11  Zealot x4  
  68  7:12  Zealot  
  78  7:17  Pylon  
  78  7:23  Pylon  
  78  7:35  Zealot  
  78  7:36  Zealot  
  82  7:37  Pylon  
  82  7:39  Pylon  
  82  7:58  Zealot x2  
  82  7:59  Zealot x5  
  82  8:00  Immortal (Chrono Boost)  
  100  8:07  Probe x2  
  102  8:14  Pylon  
  102  8:17  Pylon, Forge  
  102  8:19  Probe  
  103  8:20  Forge  
  103  8:30  Immortal (Chrono Boost)  
  105  8:50  Stalker x5  
  105  8:51  Stalker x2  
  105  8:55  Protoss Ground Weapons Level 1 (Chrono Boost), Protoss Ground Armor Level 1 (Chrono Boost)  
  120  9:03  Observer  
  120  9:14  Zealot  
  120  9:15  Zealot x2  
  126  9:19  Pylon x2  
  126  9:22  Pylon  
  126  9:30  Nexus  
  126  9:35  Pylon  
  126  9:37  Pylon  
  126  9:44  Probe x2  
  128  9:56  Probe  
  129  10:01  Zealot x6  
  129  10:02  Zealot  
  142  10:15  Blink  
  142  10:18  Probe  
  142  10:19  Probe  
  144  10:30  Probe  
  144  10:31  Probe  
  146  10:42  Probe, Immortal (Chrono Boost)  
  151  10:53  Robotics Bay  
  151  11:00  Protoss Ground Weapons Level 2  
  151  11:01  Protoss Ground Armor Level 2  
  151  11:07  Probe x3  
  151  11:10  Assimilator  
  154  11:14  Gateway, Assimilator  
  154  11:15  Gateway  
  154  11:17  Gateway  
  136  11:18  Gateway  
  136  11:19  Probe x2  
  136  11:25  Zealot x3  
  140  11:26  Zealot x4  
  152  11:37  Pylon  
  152  12:08  Colossus (Chrono Boost)  
  143  12:38  Robotics Facility  
  143  12:44  Colossus (Chrono Boost)  
  109  13:04  Stalker x3  
  109  13:05  Stalker x4  
  115  13:06  Stalker x4  
  127  13:26  Colossus (Chrono Boost)  
  89  13:41  Colossus (Chrono Boost)  
  93  13:51  Zealot x7  
  93  13:52  Zealot x4  
  85  14:16  Zealot x3  
  85  14:17  Zealot x7  
  91  14:18  Zealot  
  91  14:19  Colossus (Chrono Boost)  
  91  14:24  Protoss Ground Armor Level 3 (Chrono Boost), Protoss Ground Weapons Level 3 (Chrono Boost)  
  104  14:28  Immortal (Chrono Boost)  
  108  14:42  Zealot  
  108  14:43  Stalker x4  
  108  14:44  Stalker x4  
  126  14:58  Warp Prism (Chrono Boost)  
  128  15:01  Colossus (Chrono Boost)  
  134  15:12  Zealot  
  134  15:13  Zealot  
  138  15:14  Zealot x2  
  138  15:15  Zealot x3  
  148  15:24  Dark Shrine  
  148  15:36  Stalker x3  
  154  15:48  Immortal  
  158  16:09  Immortal  
  156  16:26  Colossus (Chrono Boost)  
  162  16:34  Zealot x4  
  170  16:45  Colossus (Chrono Boost)  
  88  17:13  Colossus (Chrono Boost)  
  91  17:26  Dark Templar x2  
  91  17:27  Dark Templar x4  
  91  17:28  Colossus (Chrono Boost)  
  103  17:32  Archon x3  
  109  17:50  Dark Templar x2  
  113  18:04  Dark Templar x5  
  119  18:19  Immortal  
  123  18:31  Dark Templar  
  125  18:36  Archon  
  125  18:37  Archon x2  
  125  18:50  Zealot x5  
  125  18:51  Zealot x4  
  139  19:15  Observer (Chrono Boost)  
  140  19:17  Observer (Chrono Boost)  
  140  19:24  Dark Templar x2  
  133  20:15  Immortal x2 (Chrono Boost)  
  141  20:22  Zealot x2  
  107  20:47  Zealot x5  
  107  20:48  Zealot x2  
  113  21:09  Zealot x5  
  113  21:10  Zealot x2  
Show
View Real Time Build Order
Export as new Build Order

bObmc Terran 

Build Orders:  

Get SALT Encoding   

  12  0:00  SCV  
  13  0:12  SCV  
  14  0:18  Supply Depot  
  14  0:24  SCV  
  15  0:40  SCV  
  15  0:41  Barracks  
  16  0:45  Refinery  
  16  0:52  SCV  
  17  1:04  SCV  
  18  1:16  SCV  
  19  1:25  Barracks  
  19  1:28  SCV, Marine  
  21  1:41  Orbital Command  
  21  1:58  Barracks Tech Lab  
  21  2:02  Command Center  
  21  2:08  SCV  
  22  2:19  Stimpack  
  22  2:22  Marine, Supply Depot  
  23  2:29  SCV, Marine  
  25  2:45  Marine  
  25  2:49  Marine  
  26  3:02  SCV  
  27  3:10  Marine  
  28  3:14  SCV, Factory  
  28  3:17  Barracks Reactor  
  29  3:20  Refinery  
  29  3:26  SCV  
  30  3:27  Supply Depot  
  30  3:28  Marauder  
  32  3:38  SCV  
  33  3:49  Marine  
  33  3:50  SCV  
  33  3:53  Bunker  
  33  3:55  Marine x2  
  37  4:02  SCV  
  37  4:11  Orbital Command  
  37  4:12  Factory Reactor  
  37  4:14  SCV  
  37  4:15  Marine x2  
  40  4:18  Marine  
  40  4:23  Starport  
  41  4:28  SCV  
  42  4:33  Marine x2  
  44  4:42  SCV  
  44  4:44  SCV  
  46  4:52  Marine  
  47  4:54  SCV  
  47  4:56  SCV  
  47  4:58  Marine x2  
  51  5:09  SCV, Marine  
  51  5:13  SCV  
  54  5:21  SCV, Marine  
  55  5:22  Marine  
  55  5:23  Medivac x2  
  61  5:30  SCV, Supply Depot  
  62  5:39  SCV, Marauder, Supply Depot  
  62  5:42  SCV  
  66  5:43  Marine x2  
  66  5:47  Supply Depot  
  68  5:51  SCV  
  68  5:56  SCV  
  70  6:00  Marine  
  70  6:01  Marine, Engineering Bay  
  70  6:02  Refinery  
  70  6:03  SCV  
  73  6:05  Refinery, Engineering Bay  
  73  6:15  SCV  
  74  6:20  Supply Depot  
  74  6:25  Supply Depot  
  74  6:26  Supply Depot  
  74  6:27  SCV x2  
  74  6:31  Factory Tech Lab, Medivac  
  74  6:32  Marine x2  
  78  6:39  SCV x2  
  82  6:40  Marine  
  83  6:48  Supply Depot  
  83  6:50  Marine  
  83  6:52  SCV  
  83  6:53  Marine  
  86  6:57  Marine  
  87  7:08  Marine  
  77  7:11  Marine  
  78  7:16  Marauder  
  78  7:26  Marine  
  78  7:27  Siege Tank  
  78  7:28  Marine  
  78  7:29  Liberator  
  79  7:37  Marine, Supply Depot  
  79  7:39  SCV x2  
  79  7:43  Marine  
  83  7:46  Marine  
  83  7:49  Liberator  
  87  7:54  Marine  
  88  8:00  Siege Tank  
  88  8:01  Marine  
  88  8:04  Marine  
  95  8:11  Command Center  
  95  8:12  Viking  
  95  8:13  Marauder  
  95  8:19  Marine  
  98  8:22  Marine  
  99  8:32  Viking, Siege Tank  
  101  8:34  Marauder  
  101  8:37  Marine  
  102  8:42  Viking  
  104  8:50  SCV  
  105  9:02  Viking  
  107  9:09  Siege Tank  
  110  9:11  Viking  
  110  9:15  Terran Infantry Armor Level 1  
  112  9:19  Terran Infantry Weapons Level 1  
  112  9:23  Marine x2  
  114  9:32  Viking  
  116  9:43  Liberator  
  116  9:44  Siege Tank  
  116  9:45  Marine x2  
  124  9:46  SCV  
  125  9:54  Armory  
  125  9:56  Orbital Command  
  125  10:01  SCV  
  125  10:02  Liberator  
  126  10:18  Missile Turret  
  126  10:19  Missile Turret  
  126  10:20  Missile Turret  
  126  10:22  Marine x3, Siege Tank  
  126  10:23  SCV  
  133  10:34  Barracks  
  133  10:35  Barracks  
  133  10:37  Barracks  
  133  10:39  Marine x3  
  136  10:56  Siege Tank  
  139  10:57  Marine x2  
  139  10:58  Marauder  
  139  11:15  Marine x2  
  141  11:19  Marauder  
  137  11:29  Siege Tank  
  134  11:33  Marine x2  
  134  11:37  Command Center  
  136  11:41  Marauder  
  136  11:44  Barracks Reactor x2  
  136  11:45  Barracks Reactor  
  138  11:47  SCV  
  138  11:49  SCV x2  
  138  11:51  Marine x2, Command Center  
  138  11:52  Command Center  
  137  11:54  Factory  
  137  11:57  Factory  
  137  11:59  SCV  
  136  12:02  Marauder  
  135  12:08  Marine x2  
  135  12:14  SCV  
  137  12:21  Marine x2  
  137  12:23  Marine  
  137  12:26  Marine x2  
  137  12:33  Marine x2  
  137  12:35  Marine x2  
  137  12:36  Siege Tank  
  113  12:38  Medivac x2  
  113  12:39  Marine x2  
  113  12:41  Marine  
  109  12:44  Marine x2  
  109  12:50  Marine  
  109  12:51  SCV, Marine  
  113  12:52  Marine  
  113  12:53  Marine  
  113  12:57  Marine x2  
  118  12:58  SCV, Marine  
  118  13:02  Refinery, Marine x2  
  118  13:03  Refinery  
  122  13:06  Planetary Fortress x2  
  122  13:08  Marine x2, Medivac  
  122  13:09  Siege Tank  
  122  13:10  Marine x2  
  131  13:14  Marine x2  
  131  13:16  Marine  
  114  13:35  Marauder  
  114  13:36  Marine x2  
  116  13:43  Marine x2  
  116  13:45  Viking x2  
  116  13:46  Marine x2  
  122  13:49  Marine  
  122  13:50  Marine  
  122  13:51  Siege Tank  
  127  13:56  Marauder  
  127  14:02  Marine x3  
  111  14:12  Marine  
  111  14:15  Viking x2  
  116  14:17  Marauder  
  116  14:23  Siege Tank  
  108  14:39  Marauder  
  108  14:45  Viking, Medivac  
  111  14:55  Siege Tank  
  113  15:00  Marauder  
  108  15:08  Marine  
  108  15:09  Marine x3  
  108  15:15  Viking x2  
  110  15:25  Marine x2  
  110  15:27  Marauder, Siege Tank  
  110  15:28  SCV  
  115  15:45  Viking x2  
  115  15:48  Terran Infantry Armor Level 2, Marauder  
  113  16:06  Marine x6  
  113  16:07  Marine x2  
  113  16:08  Siege Tank  
  113  16:09  Marine  
  125  16:12  Factory Tech Lab x2  
  125  16:15  Viking x2  
  127  16:23  Marine  
  127  16:24  Marine  
  123  16:27  Marauder  
  125  16:38  Marine  
  125  16:39  Marine x2  
  120  16:40  Siege Tank  
  120  16:45  Marine x2, Viking x2  
  120  16:47  Siege Tank  
  132  16:49  Marauder  
  132  16:51  SCV  
  135  17:00  Marine x5  
  140  17:10  Marauder  
  140  17:12  Siege Tank  
  140  17:15  Viking x2  
  146  17:32  Marauder  
  145  17:37  Marine x2  
  145  17:42  Marine x2  
  149  17:57  Marauder  
  149  17:58  Marine  
  148  18:01  Viking  
  148  18:16  Viking  
  149  18:28  Marauder  
  149  18:32  Marine  
  149  18:33  Viking  
  149  18:34  Marine  
  148  18:52  Marauder  
  148  18:53  Viking  
  124  19:02  Liberator  
  124  19:05  Marine x2  
  119  19:13  Marauder  
  107  19:23  Liberator  
  105  19:30  Marine x2  
  101  19:31  Marine  
  101  19:35  Marauder  
  101  19:36  Marine x2  
  106  19:43  Marine x2  
  104  19:45  Liberator  
  102  19:56  Marauder  
  88  20:04  Siege Tank x2  
  88  20:06  Liberator  
  88  20:18  Marauder  
  27  20:39  Marauder  
  13  21:00  Marauder  
Show
View Real Time Build Order
Export as new Build Order

Massa Terran - Winner!

Build Orders: Reaper Expand 

Get SALT Encoding   

  12  0:00  SCV  
  13  0:18  SCV, Supply Depot  
  14  0:30  SCV  
  15  0:40  Barracks  
  15  0:42  SCV  
  16  0:48  Refinery  
  16  0:54  SCV  
  17  1:06  SCV  
  18  1:18  SCV  
  19  1:32  Orbital Command  
  19  1:36  Reaper  
  20  1:43  Command Center  
  20  2:00  SCV  
  21  2:07  Marine  
  22  2:13  SCV  
  23  2:22  Command Center  
  23  2:30  Supply Depot  
  23  2:39  Barracks Reactor  
  23  2:42  Factory  
  23  2:51  SCV  
  24  2:58  Supply Depot  
  24  3:03  SCV  
  25  3:14  Orbital Command  
  25  3:15  SCV  
  25  3:17  Marine x2  
  28  3:28  SCV  
  28  3:32  Factory Tech Lab  
  28  3:34  Starport  
  29  3:35  Marine x2  
  29  3:40  SCV  
  32  3:52  SCV  
  32  3:53  Marine x2  
  35  4:05  Siege Tank  
  35  4:06  SCV x2  
  35  4:09  Orbital Command  
  40  4:11  Marine x2  
  42  4:18  SCV  
  42  4:19  SCV  
  42  4:22  Refinery  
  44  4:26  Refinery  
  44  4:30  SCV  
  44  4:31  Refinery, SCV  
  46  4:34  Engineering Bay  
  46  4:37  Supply Depot  
  46  4:39  SCV, Supply Depot  
  46  4:43  SCV x2  
  46  4:44  Siege Tank  
  52  4:51  SCV, Marine x2  
  55  4:55  SCV x2  
  57  5:03  SCV  
  57  5:04  Barracks  
  58  5:07  SCV  
  58  5:09  Marine  
  60  5:16  SCV  
  60  5:17  SCV  
  60  5:19  SCV, Missile Turret  
  60  5:20  Missile Turret  
  63  5:29  SCV x2  
  63  5:31  SCV  
  66  5:38  Supply Depot  
  66  5:39  Supply Depot  
  66  5:40  Missile Turret  
  66  5:41  SCV x2  
  68  5:43  SCV  
  69  5:53  SCV  
  69  5:54  Orbital Command  
  70  5:57  SCV  
  70  6:01  Barracks Tech Lab, Supply Depot  
  70  6:02  Supply Depot  
  70  6:03  Medivac  
  73  6:05  SCV  
  73  6:09  SCV, Barracks  
  75  6:11  Barracks  
  75  6:17  SCV  
  76  6:20  SCV  
  76  6:21  SCV  
  76  6:24  Supply Depot  
  78  6:25  Supply Depot  
  78  6:28  Missile Turret  
  78  6:29  SCV  
  78  6:30  Missile Turret  
  78  6:31  Missile Turret  
  78  6:32  SCV, Medivac  
  80  6:33  SCV  
  80  6:35  Refinery  
  83  6:40  Refinery  
  83  6:41  SCV, Marine x2, Siege Tank  
  83  6:44  SCV  
  83  6:45  SCV  
  91  6:47  Missile Turret  
  91  6:53  Stimpack  
  91  6:55  Marauder  
  91  6:59  Barracks Reactor, Barracks Tech Lab, Marine x2  
  95  7:02  Liberator  
  95  7:12  Barracks  
  86  7:16  Marauder  
  87  7:23  Command Center  
  85  7:32  SCV  
  85  7:33  SCV x2  
  87  7:44  SCV  
  87  7:45  SCV x2  
  90  7:51  Siege Tank  
  90  7:56  SCV  
  90  7:57  SCV x2  
  96  7:58  Missile Turret  
  96  7:59  Barracks, Missile Turret  
  96  8:02  Missile Turret  
  96  8:04  Terran Infantry Weapons Level 1, Missile Turret  
  96  8:08  SCV, Armory  
  96  8:09  SCV x2  
  96  8:12  Engineering Bay  
  99  8:15  Missile Turret  
  99  8:34  SCV  
  99  8:35  SCV x2  
  99  8:36  Marauder x2  
  99  8:37  Marine  
  99  8:38  Marine x2, Concussive Shells  
  99  8:41  Combat Shield  
  109  8:43  Planetary Fortress  
  109  8:46  SCV  
  109  8:47  SCV x2  
  112  8:57  Marauder  
  112  8:58  SCV, Marauder  
  112  8:59  SCV x2  
  112  9:02  Missile Turret  
  119  9:06  Marine x4, Missile Turret  
  123  9:10  SCV  
  123  9:16  Barracks Reactor, Barracks Tech Lab  
  124  9:19  Starport Reactor, Marauder x2  
  124  9:24  Marine x4  
  128  9:26  Starport  
  132  9:34  Refinery  
  132  9:35  Refinery  
  132  9:39  SCV x4, Sensor Tower  
  132  9:40  Marauder x2  
  132  9:41  Marine  
  132  9:42  Marine x3  
  144  9:46  Sensor Tower  
  144  9:51  SCV x4  
  148  10:07  Supply Depot  
  148  10:09  Terran Infantry Armor Level 1, Supply Depot  
  148  10:10  Supply Depot  
  148  10:11  Terran Infantry Weapons Level 2  
  148  10:12  Supply Depot  
  148  10:14  Supply Depot  
  148  10:21  Command Center  
  148  10:29  Marauder, Marine x6  
  148  10:31  Marauder x2, Command Center, Siege Tank  
  148  10:32  Supply Depot  
  148  10:34  Supply Depot  
  163  10:36  Supply Depot  
  163  10:37  Supply Depot  
  163  10:46  Marine x2  
  163  10:47  Marine x4  
  169  10:51  Marauder  
  169  10:53  Marauder x2  
  169  10:56  Viking x2  
  169  10:57  Viking  
  181  11:03  Siege Tank  
  181  11:04  Marine  
  180  11:12  Marauder  
  180  11:14  Marauder x2  
  175  11:26  Viking x3  
  181  11:33  Marauder  
  181  11:35  Marauder x2, Siege Tank  
  190  11:41  Supply Depot  
  190  11:50  Planetary Fortress  
  190  11:53  Marine x6  
  195  11:55  Marauder  
  195  11:57  Marauder  
  197  12:07  Siege Tank  
  198  12:11  Marine x2  
  195  12:16  Marauder  
  195  12:18  Marauder  
  199  12:28  Marine  
  178  12:38  Marauder  
  178  12:39  Siege Tank  
  178  12:40  Marauder  
  177  12:52  Marauder, Marine x2  
  177  12:53  Marine  
  177  12:55  Viking x3  
  188  12:59  Marauder  
  188  13:01  Marauder  
  192  13:11  Siege Tank  
  195  13:13  Marauder  
  195  13:16  Supply Depot  
  197  13:20  Marauder  
  197  13:25  Viking x3  
  166  13:44  Siege Tank  
  166  13:45  Marauder  
  166  13:46  Marauder x2, Marine  
  166  13:47  Marine x5  
  181  13:55  Viking x3  
  162  14:04  Marine  
  162  14:05  Marine x5  
  162  14:07  Marauder x3  
  174  14:16  Siege Tank  
  162  14:22  Marine x6  
  164  14:28  Marauder  
  164  14:29  Marauder x2  
  154  14:39  Viking x3  
  154  14:40  Marine x6  
  164  14:49  Marauder  
  164  14:50  Marauder x2  
  170  14:58  Marine x2  
  172  15:09  Viking x3  
  172  15:11  Marauder x3  
  181  15:32  Marauder  
  171  15:47  Marauder, Marine  
  171  15:48  Marauder, Marine x5  
  181  15:54  Marauder  
  169  16:05  Marine  
  169  16:06  Marine x5  
  169  16:09  Marauder x2, Siege Tank  
  182  16:15  Marauder  
  172  16:30  Marauder x2  
  174  16:36  Marauder  
  176  16:41  Siege Tank  
  179  16:51  Marauder  
  179  16:52  Marauder  
  180  16:58  Marauder  
  178  17:11  Marine x2  
  178  17:12  Marine x4  
  178  17:13  Marauder x2, Siege Tank  
  191  17:16  Orbital Command  
  191  17:19  Marauder  
  193  17:29  Marine x3  
  195  17:34  Marauder  
  195  17:35  Marauder  
  200  17:50  Siege Tank  
  190  17:55  Marauder  
  190  17:56  Marauder  
  192  18:04  Viking x3  
  198  18:17  Marauder  
  200  18:22  Refinery  
  200  18:24  Refinery  
  192  18:34  Medivac x3  
  192  18:40  Terran Vehicle And Ship Armor Level 1  
  192  18:41  Terran Infantry Armor Level 2, Terran Infantry Weapons Level 3  
  196  18:45  Armory  
  196  18:48  Armory  
  190  19:15  Viking x3  
  183  19:45  Viking x3  
  181  20:15  Viking x3  
  138  20:38  Marauder x3, Marine  
  116  20:59  Marauder  
  116  21:00  Marauder x2  
  116  21:03  Marine x4  
  116  21:04  Marine x2  
  117  21:06  Siege Tank  
  120  21:20  Marauder  
  120  21:21  Marauder x2, Marine x6  
  132  21:35  Command Center  
Show
View Real Time Build Order
Export as new Build Order

qqq Zerg - Winner!

Build Orders: Hatch First, Lurkers 

Get SALT Encoding   

  12  0:05  Drone  
  13  0:08  Drone  
  14  0:37  Hatchery  
  13  0:44  Drone  
  14  1:00  Spawning Pool  
  13  1:05  Drone  
  13  1:07  Overlord  
  13  1:10  Extractor  
  13  1:13  Drone  
  15  1:25  Drone  
  15  1:40  Drone x2  
  17  1:54  Extractor  
  17  1:55  Drone, Queen  
  17  1:59  Drone  
  20  2:01  Drone  
  21  2:11  Queen  
  23  2:16  Drone  
  23  2:19  Drone  
  25  2:35  Drone x2  
  25  2:36  Overlord  
  27  2:37  Drone  
  28  2:56  Metabolic Boost  
  28  3:03  Zergling x6  
  28  3:04  Drone  
  28  3:05  Drone, Overlord  
  33  3:17  Zergling x2  
  34  3:25  Drone x3  
  34  3:26  Drone  
  38  3:36  Hatchery  
  38  3:40  Zergling x2  
  38  3:41  Lair  
  38  3:42  Zergling x2  
  38  3:45  Zergling x2  
  38  3:47  Drone  
  41  3:49  Drone  
  41  3:52  Drone  
  41  3:54  Extractor  
  42  3:55  Drone  
  42  3:56  Extractor  
  42  3:59  Overlord  
  42  4:02  Drone  
  43  4:04  Drone  
  43  4:07  Overlord  
  44  4:17  Overlord  
  44  4:25  Roach Warren  
  44  4:27  Drone  
  44  4:28  Drone  
  44  4:29  Drone x2  
  47  4:40  Drone  
  47  4:41  Drone  
  47  4:42  Hydralisk Den, Overlord  
  47  4:43  Drone  
  47  4:44  Drone  
  50  4:48  Zergling x2  
  50  5:09  Zergling x8  
  50  5:10  Zergling x2  
  50  5:11  Drone x4  
  50  5:12  Drone x2  
  60  5:29  Hydralisk  
  60  5:34  Lurker Den  
  61  5:36  Spore Crawler  
  61  5:37  Drone, Spore Crawler  
  61  5:39  Drone x4, Spore Crawler  
  63  5:45  Extractor  
  63  5:48  Drone  
  63  5:54  Queen  
  63  5:55  Drone x2  
  67  6:00  Drone, Extractor  
  67  6:02  Hydralisk  
  67  6:03  Muscular Augments  
  69  6:04  Hatchery  
  69  6:09  Evolution Chamber  
  67  6:12  Drone x4  
  71  6:21  Drone x3, Hydralisk x2  
  78  6:28  Drone x2, Baneling Nest  
  78  6:30  Drone  
  78  6:31  Drone  
  81  6:36  Infestation Pit  
  81  6:38  Zerg Missile Weapons Level 1  
  81  6:39  Drone  
  82  6:40  Drone  
  82  6:50  Overlord  
  82  6:51  Overlord x3  
  82  7:00  Overlord  
  82  7:15  Grooved Spines  
  82  7:22  Hydralisk x5  
  88  7:34  Drone x2  
  89  7:40  Hydralisk x2  
  92  7:48  Lurker x4  
  92  7:49  Hive  
  92  7:50  Hydralisk  
  96  8:00  Drone x3  
  96  8:01  Hydralisk  
  101  8:06  Lurker x2  
  101  8:10  Hatchery  
  102  8:13  Spore Crawler  
  102  8:14  Spore Crawler  
  102  8:17  Spore Crawler  
  99  8:22  Drone x2, Hydralisk, Spore Crawler  
  99  8:23  Hydralisk  
  99  8:25  Hatchery, Overlord  
  99  8:26  Drone, Hatchery  
  103  8:27  Drone  
  104  8:51  Drone x2  
  104  8:52  Queen  
  108  8:57  Zerg Ground Armor Level 1  
  108  9:02  Evolution Chamber  
  107  9:05  Spore Crawler  
  107  9:07  Spore Crawler  
  107  9:08  Drone  
  107  9:09  Drone  
  107  9:10  Spine Crawler  
  107  9:12  Ultralisk Cavern  
  107  9:16  Drone  
  106  9:20  Seismic Spines  
  106  9:21  Hydralisk x2  
  106  9:22  Zergling x2  
  106  9:23  Zergling x16  
  106  9:24  Drone, Zergling x2  
  120  9:31  Drone  
  122  9:34  Zerg Melee Weapons Level 1  
  122  9:36  Overlord x2  
  122  9:38  Drone x3  
  125  9:56  Drone  
  125  9:57  Drone x3, Hydralisk  
  125  9:58  Hydralisk x3  
  137  10:01  Lurker  
  135  10:07  Zergling x4  
  135  10:08  Zergling x4  
  135  10:09  Drone x4  
  135  10:13  Drone  
  139  10:17  Spine Crawler  
  139  10:18  Spine Crawler  
  139  10:19  Spine Crawler  
  139  10:20  Spine Crawler  
  135  10:22  Spore Crawler  
  135  10:23  Drone  
  135  10:24  Drone x2  
  135  10:25  Spine Crawler  
  135  10:26  Hydralisk  
  135  10:27  Extractor, Hydralisk x2  
  135  10:28  Extractor  
  140  10:34  Lurker x2  
  142  10:51  Hydralisk, Zerg Missile Weapons Level 2  
  142  10:52  Hydralisk x3  
  142  10:53  Drone  
  142  10:55  Overlord x3  
  143  11:31  Hydralisk x2, Ultralisk x2  
  150  11:33  Drone x4  
  150  11:34  Drone x5  
  150  11:35  Overlord x5  
  134  12:26  Drone x6  
  134  12:27  Drone x3  
  134  12:29  Extractor  
  134  12:31  Extractor  
  109  12:45  Anabolic Synthesis  
  109  12:47  Zerg Ground Armor Level 2  
  103  13:05  Hydralisk x2  
  103  13:06  Hydralisk x4  
  103  13:07  Zergling x6  
  103  13:08  Drone, Zergling x6  
  103  13:09  Drone x6  
  103  13:10  Drone x2  
  103  13:12  Extractor  
  127  13:28  Chitinous Plating  
  119  13:38  Zergling x4  
  119  13:39  Ultralisk  
  121  13:45  Drone x5  
  121  13:47  Lurker x2  
  126  13:50  Drone  
  127  14:01  Extractor  
  126  14:06  Drone x2, Extractor  
  118  14:35  Lurker  
  118  14:36  Lurker  
  118  14:37  Zergling x6, Ultralisk x2  
  118  14:38  Drone, Zergling x8  
  135  14:39  Drone x5  
  141  14:50  Zerg Melee Weapons Level 2  
  141  14:52  Adrenal Glands  
  141  15:12  Drone  
  141  15:13  Drone x5  
  147  15:22  Drone x3  
  147  15:25  Extractor  
  144  15:55  Spire  
  144  15:56  Hydralisk x6  
  144  15:57  Hydralisk x2  
  148  15:59  Ultralisk x3  
  174  16:18  Zergling x4, Ultralisk x2  
  182  16:19  Zergling x10  
  193  16:27  Pneumatized Carapace  
  193  16:28  Overseer  
  193  16:41  Hatchery  
  193  16:45  Hatchery  
  170  16:54  Hatchery  
  148  17:20  Nydus Network  
  147  17:28  Spine Crawler  
  147  17:29  Spine Crawler x2  
  144  17:30  Spine Crawler  
  144  17:31  Spine Crawler  
  142  17:40  Corruptor x2  
  142  17:41  Corruptor x2  
  142  17:42  Greater Spire  
  150  17:52  Zerg Missile Weapons Level 3, Zerg Ground Armor Level 3  
  150  17:59  Hatchery  
  150  18:02  Hatchery  
  148  18:16  Spore Crawler  
  147  18:20  Spore Crawler  
  146  18:28  Nydus Canal  
  146  18:29  Drone x3  
  146  18:30  Hydralisk x3, Ultralisk x3  
  146  18:31  Hydralisk x3  
  179  18:36  Extractor  
  163  19:08  Drone x3  
  166  19:11  Drone x6  
  166  19:12  Hydralisk x3  
  166  19:13  Zergling x4, Ultralisk x3  
  166  19:14  Zergling x4  
  166  19:15  Overlord x5  
  190  19:54  Zergling x10  
  190  19:55  Nydus Canal, Zergling x2  
  190  19:59  Zergling x8  
  180  20:00  Zergling x10  
  180  20:01  Zergling x8  
  180  20:02  Ultralisk x2  
  180  20:03  Zergling x4  
  180  20:06  Extractor  
  174  20:20  Zergling x4  
  174  20:21  Hydralisk x7  
  177  20:39  Corruptor x2  
  177  20:40  Corruptor x5  
  177  20:41  Corruptor  
  177  20:42  Drone x3  
  176  20:43  Drone x2  
  176  20:44  Zergling x8  
  182  20:50  Extractor  
  182  20:55  Extractor  
  180  21:01  Extractor  
  180  21:03  Ultralisk x2  
  189  21:04  Zergling x2  
  189  21:05  Zergling x16  
  189  21:06  Zergling x2  
  189  21:10  Lurker  
Tags
 
Add a new tag
Caveats
  • Supply blocks, unpowered buildings, or Contaminate may cause inaccurate times.
  • Supply counts are checked every 10 seconds.